 Dungeon Crawl Stone Soup version 0.30-a0-737-gf23d94013f (webtiles) character file.

Game seed: 12489525129407823763

56 retardedninja the Trooper (level 3, -3/24 HPs)
             Began as a Gargoyle Fighter on Feb 1, 2023.
             Slain by Grinder (8 damage)
             ... on level 3 of the Dungeon.
             The game lasted 00:02:29 (1749 turns).

retardedninja the Trooper (Gargoyle Fighter)        Turns: 1749, Time: 00:02:30

Health: -3/24      AC: 14    Str: 21    XL:     3   Next: 97%
Magic:  3/3        EV:  5    Int:  8    God:
Gold:   146        SH:  4    Dex:  9    Spells: 2/2 levels left

rFire   + . .      SeeInvis .    a - +0 flail
rCold   + . .      Faith    .    c - +0 buckler
rNeg    + . .      Spirit   .    p - +0 plate armour
rPois   ∞          Reflect  .    (no helmet)
rElec   +          Harm     .    (no cloak)
rCorr   +          Rampage  .    (no gloves)
Will    .....                    (no boots) Stlth
                                 (no amulet)
HPRegen 0.24/turn                (no ring)
MPRegen 0.08/turn                (no ring)

@: mighty, resistant, attractive
A: sickness immunity, AC +3, negative energy resistance 1, electricity
resistance, torment resistance 1, petrification resistance
a: no special abilities


You were on level 3 of the Dungeon.
You visited 1 branch of the dungeon, and saw 3 of its levels.

You collected 146 gold pieces.

Inventory:

Hand Weapons
 a - a +0 flail (weapon)
Armour
 b - a +0 scale mail
 c - a +0 buckler (worn)
 p - a +0 plate armour (worn)
Scrolls
 e - 2 scrolls of identify {unknown}
 f - a scroll of brand weapon {unknown}
 g - 2 scrolls of enchant armour {unknown}
 i - 2 scrolls of teleportation {unknown}
 n - a scroll of amnesia {unknown}
Potions
 d - 3 potions of might
 h - a potion of mutation {unknown}
 o - a potion of brilliance {unknown}


   Skills:
 + Level 3.8 Fighting
 + Level 2.6 Maces & Flails
 + Level 3.8 Armour
 + Level 3.8 Shields


You had 2 spell levels left.
You didn't know any spells.
Your spell library contained the following spells:

 Spells                   Type           Power      Damage    Failure   Level
 Foxfire                  Conj/Fire      0%         2x1d4     100%        1
 Blink                    Tloc           0%         N/A       100%        2
 Lesser Beckoning         Tloc           0%         N/A       100%        2
 Momentum Strike          Conj/Tloc      0%         3d8       100%        2
 Fireball                 Conj/Fire      0%         3d3       100%        5
 Starburst                Conj/Fire      0%         6d3       100%        6


Dungeon Overview and Level Annotations

Branches:
Dungeon (3/15)

Altars:
Xom

Shops:
D:3 =

Annotations:
D:3 Grinder


Innate Abilities, Weirdness & Mutations

You are immune to sickness and miasma.
Your stone body is resilient. (AC +3)
You are immune to poison.
You resist negative energy. (rN+)
You are resistant to electric shocks. (rElec)
You are resistant to unholy torment.
You are immune to petrification.


Message History

Grinder gestures at you. Pain shoots through your body!
You feel very mighty all of a sudden. Grinder gestures at you.
Pain shoots through your body!
* * * LOW HITPOINT WARNING * * *
It was a potion of resistance.
You feel protected.
It was a potion of attraction.
You feel attractive to monsters. Grinder barely misses you.
You sock Grinder!
Grinder is heavily wounded.
Grinder hits you.
* * * LOW HITPOINT WARNING * * *
You closely miss Grinder.
Grinder is heavily wounded.
Grinder says, "I used to sell toenails on the black market."
Grinder gestures at you.
You are unaffected.
You barely miss Grinder.
Grinder is heavily wounded.
Grinder barely misses you. You block Grinder's attack.
You closely miss Grinder.
Grinder is heavily wounded.
Grinder says, "FISH!"
You block Grinder's attack.
You closely miss Grinder.
Grinder is heavily wounded.
You block Grinder's attack.
You barely miss Grinder.
Grinder is heavily wounded.
Grinder barely misses you. Grinder hits you but does no damage.
You barely miss Grinder.
Grinder is heavily wounded.
Grinder hits you but does no damage.
You barely miss Grinder.
Grinder is heavily wounded.
Grinder hits you!
You die...

### #.# ########.#
......)..# ########.#
###.## ###### #....#
#.....
#@#..########.....
#5#..#......'.....
#..!..#....######.....
#.#####..########.....
###..)......'.....
#..>...######.....
#......# ##'###
#......# #.# #......#
#.#


You could see Grinder.

Vanquished Creatures
  An adder (D:3)
  A worm (D:2)
  A dart slug (D:1)
  3 orcs (D:3)
  2 ball pythons
  4 endoplasms
  3 giant cockroaches (D:2)
  5 hobgoblins (D:1)
  2 kobolds
  2 quokkas
  3 bats
  A frilled lizard (D:2)
  4 goblins
  3 rats
35 creatures vanquished.

Notes
Turn   | Place    | Note
-------+----------+-------------------------------------------
     0 | D:1      | retardedninja the Gargoyle Fighter began the quest for the
                  | Orb.
     0 | D:1      | Reached XP level 1. HP: 14/14 MP: 1/1
   228 | D:1      | Reached XP level 2. HP: 19/19 MP: 2/2
   656 | D:2      | Reached XP level 3. HP: 24/24 MP: 3/3
   726 | D:2      | Found a shimmering altar of Xom.
  1323 | D:2      | Identified the +1 leather armour of Igeoben {Str+3}
  1634 | D:3      | Found Xecw's Jewellery Emporium.
  1733 | D:3      | Noticed Grinder
  1749 | D:3      | Slain by Grinder

Illustrated notes

Levels and vault maps discovered:
D:1:      amcnicky_arrival_blooded_trapdoor, layout_loops_ring
D:2:      minmay_general_purpose_star, layout_loops_ring, basic_altar,
          nrook_uturn, minmay_cupped
D:3:      layout_basic, serial_shops, nicolae_diamond_shop, shop, shop,
          chequers_serial_rivers_micro_c, uniq_grinder, uniq_natasha

Action                     || total
---------------------------++-------
  Melee: Flail             ||   143
    Use: Potion            ||     3
 Armour: Scale mail        ||    59
         Plate armour      ||    10
  Dodge: Dodged            ||    78
  Block: Buckler           ||    25

Table legend: (Time is in decaauts)
 A = Elapsed time spent in this place.
 B = Non-inter-level travel time spent in this place.
 C = Inter-level travel time spent in this place.
 D = Time resting spent in this place.
 E = Time spent auto-exploring this place.
 F = Levels seen in this place.
 G = Mean time per level.
                   A        B        C        D        E       F      G
               +--------+--------+--------+--------+--------+-----+--------+
         Total |   1794 |   1761 |     33 |      0 |   1412 |   3 |  598.0 |
       Dungeon |   1794 |   1761 |     33 |      0 |   1412 |   3 |  598.0 |
               +--------+--------+--------+--------+--------+-----+--------+

Top non-repeatable levels by time:
     D:2: 917 daAuts
     D:1: 626 daAuts
     D:3: 250 daAuts
